 Dungeon Crawl Stone Soup version 0.23.1 (webtiles) character file.

Game seed: 13900193440107573677

201 bot1234 the Ruffian (level 5, -3/42 HPs)
             Began as a Draconian Transmuter on Mar 5, 2019.
             Slain by an adder (4 damage)
             ... on level 2 of the Dungeon.
             The game lasted 00:07:10 (1729 turns).

bot1234 the Ruffian (Draconian Transmuter)          Turns: 1729, Time: 00:07:11

Health: -3/42      AC:  5    Str: 13    XL:     5   Next: 50%
Magic:  8/8        EV: 13    Int: 14    God:
Gold:   58         SH:  0    Dex: 11    Spells: 7/8 levels left

rFire    . . .     SeeInvis .   k - +5 whip
rCold    . . .     Gourm    .   (no shield)
rNeg     . . .     Faith    .   (armour unavailable)
rPois    .         Spirit   .   (helmet restricted)
rElec    .         Reflect  .   (no cloak)
rCorr    .         Harm     .   (no gloves)
MR       .....                  (no boots)
Stlth    +.........             (no amulet)
HPRegen  0.14/turn              (no ring)
MPRegen  0.11/turn              (no ring)

@: lethally poisoned (-3 -> -6), fainting
A: unfitting armour, cold-blooded, AC +5
a: no special abilities


You were on level 2 of the Dungeon.
You were fainting.

You visited 1 branch of the dungeon, and saw 2 of its levels.

You collected 58 gold pieces.

Inventory:

Hand Weapons
 e - a +0 dagger
 f - a +0 club
 i - a +0 spear
 j - a +0 scythe
 k - a +5 whip (weapon)
 l - a +0 hunting sling
Missiles
 a - 36 arrows
 b - 2 javelins (quivered)
 g - 46 stones
 m - 27 sling bullets
Armour
 d - a +0 robe
 h - a +0 ring mail
 n - a +4 scale mail
Comestibles
 c - 3 rations


   Skills:
 + Level 2.3 Fighting
 + Level 1.4 Maces & Flails
 + Level 0.1 Polearms
 + Level 3.2 Dodging
 + Level 0.8 Stealth
 + Level 4.1 Unarmed Combat
 + Level 2.1 Spellcasting
 + Level 2.5 Transmutations


You had 7 spell levels left.
You knew the following spells:

 Your Spells              Type           Power        Failure   Level  Hunger
a - Beastly Appendage     Tmut           #.....       9%          1    #......

Your spell library contained the following spells:

 Spells                   Type           Power        Failure   Level  Hunger
 Sticks to Snakes         Tmut           #.......     13%         2    ###....
 Spider Form              Tmut/Pois      #.........   38%         3    ###....
 Ice Form                 Ice/Tmut       #.......     80%         4    #####..
 Blade Hands              Tmut           #.........   93%         5    ######.


Dungeon Overview and Level Annotations

Branches:
Dungeon (2/15)

Altars:
Fedhas


Innate Abilities, Weirdness & Mutations

Your plain brown scales are hard. (AC +5)
You cannot fit into any form of body armour.
You are cold-blooded and may be slowed by cold attacks.


Message History

You hit the adder.
The adder is moderately wounded.
* * * LOW HITPOINT WARNING * * *
You feel sick. The adder bites you.
* * * LOW HITPOINT WARNING * * *
You hit the adder.
The adder is heavily wounded.
The adder barely misses you. The adder bites you but does no damage.
You barely miss the adder.
The adder is heavily wounded.
* * * LOW HITPOINT WARNING * * *
You feel sick. The adder completely misses you.
You barely miss the adder.
The adder is heavily wounded.
The adder closely misses you.
You miss the adder. Your punch misses the adder.
The adder is heavily wounded.
* * * LOW HITPOINT WARNING * * *
You feel sick. The adder bites you but does no damage. The adder bites you.
You die...

#... . #...# #..# .#
#...# #..##.# #...#
#..... ## #...# #...# #
.### #...# #...#.##.
...# #...# ###.......>
.#.###...#####(S@#.#
..............†#...#
....[........$###.......
..†............# ....#..
##.#.#...#.###...#.#.#
...#.#...#.# ####.._..
####.#...#.# ##.###
#.#...#.# .# #.#...#.# #


You could see an adder.

Vanquished Creatures
  Sigmund (D:2)
  An adder (D:2)
  A dart slug (D:1)
  2 leopard geckos (D:1)
  3 giant cockroaches (D:1)
  4 goblins
  3 hobgoblins (D:1)
  3 jackals (D:2)
  2 ball pythons
  5 bats
  2 frilled lizards (D:2)
  3 kobolds
  7 rats
37 creatures vanquished.

Notes
Turn   | Place    | Note
-------+----------+-------------------------------------------
     0 | D:1      | bot1234 the Draconian Transmuter began the quest for the
                  | Orb.
     0 | D:1      | Reached XP level 1. HP: 16/16 MP: 3/3
   625 | D:1      | Reached XP level 2. HP: 21/23 MP: 5/5
  1192 | D:2      | Reached XP level 3. HP: 29/29 MP: 6/6
  1328 | D:2      | Noticed Sigmund
  1352 | D:2      | HP: 1/29 [Sigmund/+0 scythe (4)]
  1354 | D:2      | Killed Sigmund
  1354 | D:2      | Reached skill level 1 in Maces & Flails
  1354 | D:2      | Reached skill level 4 in Unarmed Combat
  1354 | D:2      | Reached XP level 4. HP: 2/37 MP: 7/7
  1354 | D:2      | Reached XP level 5. HP: 2/42 MP: 8/8
  1722 | D:2      | Found a blossoming altar of Fedhas.
  1725 | D:2      | HP: 2/42 [adder (2)]
  1729 | D:2      | Slain by an adder

Skill      XL: |  1  2  3 |
---------------+----------+-----
Dodging        | 2 3 |  3.2
Fighting       | 2 |  2.3
Maces & Flails | 1 |  1.4
Unarmed Combat | 4 |  4.1
Polearms       | |  0.1
Stealth        | |  0.8
Spellcasting   | |  2.1
Transmutations | |  2.5

Action                   |  1- 3 |  4- 6 || total
-------------------------+-------+-------++-------
Melee: Unarmed           |    24 |       ||    24
       Dagger            |    27 |       ||    27
       Tailslap          |     6 |     1 ||     7
       Whip              |    59 |    27 ||    86
       Spear             |    13 |       ||    13
       Punch             |     1 |       ||     1
 Cast: Beastly Appendage |     1 |       ||     1
  Use: Scroll            |     5 |       ||     5
Armor: Skin              |    29 |    10 ||    39
Dodge: Dodged            |   120 |    30 ||   150
